 Dungeon Crawl Stone Soup version 0.30.0-2-g1aa4bd4387 (webtiles) character file.

Game seed: 14360031948799307839

429 Acheron the Caller (level 6, 0/43 HPs)
             Began as a Vampire Summoner on May 7, 2023.
             Was a Follower of Okawaru.
             Slain by an ufetubus (4 damage)
             ... on level 6 of the Dungeon.
             The game lasted 00:21:23 (2778 turns).

Acheron the Caller (Vampire Summoner)               Turns: 2778, Time: 00:21:23

Health: 0/43       AC:  9    Str:  7    XL:     6   Next: 66%
Magic:  8/10       EV: 17    Int: 18    God:    Okawaru [*.....]
Gold:   163        SH:  0    Dex: 16    Spells: 8/11 levels left

rFire   . . .        j - +2 short sword
rCold   . . .        (no shield)
rNeg    . . .        a - +0 robe
rPois   +            e - +0 helmet
rElec   .            (no cloak)
rCorr   +            k - +1 pair of gloves of Midsummer {rPois rCorr}
SInv    +            (no boots)
Will    .....        c - amulet of regeneration
Stlth   ++++         m - +4 ring of protection
HPRegen 1.27/turn    (no ring)
MPRegen 0.12/turn

%: no passive effects
@: heroic, healing quickly
A: alive, fangs 3, see invisible, vampiric 2
a: Exsanguinate, Renounce Religion, Heroism


You were on level 6 of the Dungeon.
You worshipped Okawaru.
Okawaru was aware of your devotion.
You visited 1 branch of the dungeon, and saw 7 of its levels.

You collected 163 gold pieces.

Inventory:

Hand Weapons
 j - a +2 short sword (weapon)
 l - a +0 war axe
 r - a +0 rapier
 s - a +1 dagger of protection
Missiles
 t - 6 boomerangs (quivered)
Armour
 a - a +0 robe (worn)
 d - an orb of energy
 e - a +0 helmet (worn)
 g - a +0 leather armour
 k - the +1 pair of gloves of Midsummer (worn) {rPois rCorr}
   (You found it on level 2 of the Dungeon)

   rPois:     It protects you from poison.
   rCorr:     It protects you from acid and corrosion.
Jewellery
 c - an amulet of regeneration (around neck)
 m - a +4 ring of protection (left hand)
Scrolls
 i - a scroll of identify
Potions
 b - a potion of magic
 f - a potion of ambrosia {unknown}
 h - a potion of haste {unknown}
 n - 2 potions of degeneration {unknown}
 o - a potion of curing {unknown}
 p - a potion of might {unknown}
 q - a potion of heal wounds {unknown}


   Skills:
 * Level 1.4(6.4) Fighting
 + Level 1.4(6.4) Short Blades
 * Level 4.5(9.5) Dodging
 * Level 4.2(9.2) Stealth
 * Level 3.2(8.2) Unarmed Combat
 * Level 3.0 Spellcasting
 * Level 4.7 Summonings


You had 8 spell levels left.
You knew the following spells:

 Your Spells              Type           Power      Damage    Failure   Level
a - Summon Small Mammal   Summ           76%        N/A       2%          1
b - Call Imp              Summ           38%        N/A       3%          2

Your spell library contained the following spells:

 Spells                   Type           Power      Damage    Failure   Level
 Petrify                  Tmut/Erth      2%         N/A       85%         4
 Metabolic Englaciation   Hex/Ice        1%         N/A       99%         5
 Statue Form              Tmut/Erth      1%         N/A       100%        6
 Call Canine Familiar     Summ           Unusable   N/A       N/A         3
 Summon Guardian Golem    Hex/Summ       Unusable   N/A       N/A         3
 Summon Lightning Spire   Summ/Air       Unusable   N/A       N/A         4

Dungeon Overview and Level Annotations

Branches:
Dungeon (7/15)
 Temple: D:4-7

Altars:
Okawaru
Sif Muna
Yredelemnul

Portals:
Sewer: D:5

Annotations:
D:3 1 runed translucent door


Innate Abilities, Weirdness & Mutations

Your natural rate of healing is accelerated.
You have razor-sharp teeth.
You have supernaturally acute eyesight. (SInv)
You are afflicted with vampirism and can become a bat while bloodless.


Message History

You kill the orc priest!
Okawaru accepts your kill.
The orc priest hits you but does no damage.
The ufetubus barely misses you. The ufetubus closely misses you.
The ufetubus closely misses you. The ufetubus barely misses you.
The orc priest mumbles some strange prayers to Beogh against you.
Beogh smites you!
* * * LOW HITPOINT WARNING * * *
The ufetubus hits you.
* * * LOW HITPOINT WARNING * * *
The ufetubus closely misses you.
Things that are here:
a +0 short sword; a +0 scale mail You gain the combat prowess of a mighty hero.
The orc priest hits you with a +0 mace.
* * * LOW HITPOINT WARNING * * *
The ufetubus barely misses you. The ufetubus completely misses you.
You hit the orc priest.
The orc priest is moderately wounded.
The ufetubus barely misses you. The ufetubus misses you.
The orc priest casts a cantrip, but nothing happens.
You hit the orc priest.
You bite the orc priest, but do no damage.
The orc priest is moderately wounded.
The ufetubus hits you.
* * * LOW HITPOINT WARNING * * *
The ufetubus hits you but does no damage.
The orc priest barely misses you.
You hit the orc priest.
The orc priest is heavily wounded.
The ufetubus completely misses you. The ufetubus misses you.
You hit the orc priest.
The orc priest is severely wounded.
The ufetubus misses you. The ufetubus closely misses you.
The orc priest closely misses you.
You closely miss the orc priest.
The orc priest is severely wounded.
The ufetubus hits you but does no damage.
The ufetubus hits you.
You die...

*,***,,,** *,#*~,,,~* *.#*~,,,~*
#######.##~,,,~* #........#~,,,~*
#.?......#~,_,~* #........#*,,,**
#........##****
*********#..@5.....#
*,,,,,,,*#...o.....#
*,,,,,,,*#..)......# *******
*,,,,..,*#........(# **,,,,,*
*,,,,....#......?..#**,,,,,,, **
*,,,,_.............#*,,,<,,,, ,**
*,,,..$.####....$###*,,,,,,,,
..##*,,,....###..###....,,,,,,>,,
...#****.##......# *####,,,,,,,,,


You could see an orc priest and an ufetubus.

Vanquished Creatures
  A scorpion (D:6)
  2 hounds (D:6)
  An orc priest (D:6)
  5 orc wizards (D:6)
  An iguana (D:6)
  2 gnolls
  2 adders
  2 dart slugs
  19 orcs (D:6)
  4 ball pythons
  3 endoplasms (D:1)
  3 goblins
  5 hobgoblins
  2 kobolds
  3 bats
  2 frilled lizards
  9 rats
66 creatures vanquished.

Vanquished Creatures (collateral kills)
  A bat (D:1)
  4 endoplasms
  A giant cockroach (D:2)
  2 goblins
  A hobgoblin (D:1)
  A quokka (D:2)
  2 frilled lizards
  A kobold (D:1)
  2 rats
15 creatures vanquished.

Vanquished Creatures (others)
  8 plants (D:3)
8 creatures vanquished.

Grand Total: 89 creatures vanquished

Notes
Turn   | Place    | Note
-------+----------+-------------------------------------------
     0 | D:1      | Acheron the Vampire Summoner began the quest for the Orb.
     0 | D:1      | Reached XP level 1. HP: 13/13 MP: 3/3
   309 | D:1      | Reached XP level 2. HP: 11/19 MP: 5/5
   773 | D:1      | Gained mutation: You are afflicted with vampirism and can
                  | become a bat while bloodless. [Vampire growth]
   773 | D:1      | Reached XP level 3. HP: 17/24 MP: 4/6
  1008 | D:2      | Identified the +1 pair of gloves of Midsummer {rPois rCorr}
  1365 | D:3      | Learned a level 2 spell: Call Imp
  1408 | D:2      | Reached skill level 1 in Unarmed Combat
  1761 | D:3      | Found a faded altar of an unknown god.
  1813 | D:3      | Found an iron altar of Okawaru.
  1820 | D:3      | Became a worshipper of Warmaster Okawaru
  1983 | D:3      | Found a runed translucent door.
  1983 | D:3      | Noticed a human
  1984 | D:3      | Found a basalt altar of Yredelemnul.
  2036 | D:3      | Reached XP level 4. HP: 31/31 MP: 7/7
  2200 | D:5      | Entered Level 5 of the Dungeon
  2200 | D:5      | Noticed a gnoll sergeant
  2228 | D:5      | Found a glowing drain.
  2305 | D:6      | Reached XP level 5. HP: 29/36 MP: 7/9
  2381 | D:6      | Reached skill level 1 in Fighting
  2528 | D:6      | Reached * piety under Okawaru
  2529 | D:6      | Reached XP level 6. HP: 41/43 MP: 10/10
  2549 | D:6      | Reached skill level 1 in Short Blades
  2622 | D:7      | Noticed an ice beast
  2750 | D:6      | Found a shimmering blue altar of Sif Muna.
  2773 | D:6      | HP: 1/43 [orc priest/+0 mace (6)]
  2778 | D:6      | Slain by an ufetubus

Illustrated notes

Levels and vault maps discovered:
D:1:      shiori_arrival_maze, layout_basic, roderic_roman_lattice,
          moated_statue
D:2:      layout_basic, serial_forest, infiniplex_forest_zigzag_1,
          infiniplex_forest_corner_1, infiniplex_forest_clump_small,
          infiniplex_forest_lined_corner, infiniplex_forest_straight_1,
          infiniplex_forest_clump_diagonal, infiniplex_forest_lined_3
D:3:      layout_rooms, okawaru_metal_pillars_1_2, dk_yredelemnul_ordeal,
          serial_glass, glass_columns_a, glass_columns_a, due_unseen_surprise,
          minmay_strange_pillars, minmay_strange_pillars,
          minmay_strange_pillars, dreamdust_ecumenical_altar_angels_and_demons,
          grunt_ministairs_6, nicolae_grassy_gnolls
D:4:      layout_layer_cave
D:5:      cheibrodos_barr_body, layout_cave_pods, fedhas_bush_and_centaur_altar,
          gup_sewer_entry_glass, uniq_ijyb
D:6:      layout_rooms, nicolae_hepliaklqana_monster_ancestors,
          overflow_temple_1_default
D:7:      layout_cave_pods, chequers_temple_overflow_minitemple,
          nicolae_overflow_squiral, temple_statues, nicolae_lava_and_water,
          corexii_mini_fake_secret_closet, uniq_prince_ribbit1

Skill      XL: |  1  2  3  4  5  6 |
---------------+-------------------+-----
Unarmed Combat | 1 2 3 |  3.2
Dodging        | 3 4 |  4.5
Fighting       | 1 |  1.4
Stealth        | 4 |  4.2
Short Blades   | 1 |  1.4
Spellcasting   | 3 |  3.0
Summonings     | |  4.7

Action                     |  1- 3 |  4- 6 || total
---------------------------+-------+-------++-------
  Melee: Unarmed           |   219 |    24 ||   243
         Bite              |    21 |    33 ||    54
         Punch             |     6 |     7 ||    13
         Short sword       |       |   203 ||   203
   Cast: Summon Small Mamm |    22 |       ||    22
 Invoke: Heroism           |       |     1 ||     1
    Use: Scroll            |     8 |     6 ||    14
         Potion            |       |     2 ||     2
   Stab: Sleeping          |     9 |     1 ||    10
         Distracted        |     1 |       ||     1
 Armour: Robe              |    71 |   154 ||   225
  Dodge: Dodged            |   155 |   343 ||   498
